cohdb
Replays
Latest Replays
All Replays
Popular Replays
Top Player Replays
Match Explorer
How It Works
Community
CoH3 Stats
Reddit
Sign in to upload your games and track your stats! →
Sign in with Steam
Match 42924994
Unlisted
Match 42924994
Overview
Messages
Build Orders
End
Pioneer Squad
Construct Infanterie Kompanie
GrW 34 Mortar Team
Selects Terror Battlegroup
MG 42 Machine Gun Team
MG 42 Bunker
Grenadier Squad
Construct Luftwaffe Kompanie
Selects Interrogate
221 Scout Car
Medical Station
Support Elements
Selects Heavy Gunnery
Construct Panzergrenadier Kompanie
Nebelwerfer 42 Rocket Launcher Team
Nebelwerfer 42 Rocket Launcher Team
StuG III G Assault Gun
Panzergrenadier Officer Quarters
Side Skirts
Panzergrenadier Squad
Selects No Quarter
Panzergrenadier Squad
Wirbelwind Flakpanzer
Repair Bunker
Construct Panzer Kompanie
Selects Propaganda Leaflet Drop
Panzer Officer Quarters
Panzer IV Medium Tank
Pak 40 Anti-tank Gun Team
Selects King Tiger Heavy Tank
Pak 40 Anti-tank Gun Team
Pak 40 Anti-tank Gun Team
Door
油菜花
Moltke1871
Loki
제국군
ppsd
Cpt Nacho
你的磊爸爸
0
0
Comments
sign in to comment!
No comments posted yet!